 Dungeon Crawl Stone Soup version 0.17-a0-802-g1f09329 (webtiles) character file.

44 namelastname112 the Cutter (level 3, 0/29 HPs)
             Began as a Draconian Warper on Apr 26, 2015.
             Slain by a jackal (3 damage)
             ... on level 1 of the Dungeon.
             The game lasted 00:02:12 (651 turns).

namelastname112 the Cutter (Draconian Warper)        Turns: 651, Time: 00:02:12

Health: 0/29       AC:  6    Str: 13    XL:     3   Next: 41%
Magic:  4/6        EV: 12    Int: 13    God:
Gold:   60         SH:  0    Dex: 11    Spells: 2 memorised, 3 levels left

rFire  . . .     SeeInvis .     a - +0 short sword
rCold  . . .     Clarity  .     (armour unavailable)
rNeg   . . .     SustAb   .     (no shield)
rPois  .         Gourm    .     (helmet restricted)
rElec  .         Spirit   .     i - +0 cloak
rCorr  .         Warding  .     (no gloves)
rMut   .         Stasis   .     (no boots)
MR     .....                    (no amulet)
Stlth  ++........               (no ring)
                                (no ring)

@: very slightly contaminated, not resistant to hostile enchantments, unstealthy
A: unfitting armour, cold-blooded, AC +5
a: no special abilities


You were on level 1 of the Dungeon.
You were not hungry.

You visited 1 branch of the dungeon, and saw 2 of its levels.

You collected 60 gold pieces.

Inventory:

Hand weapons
 a - a +0 short sword (weapon)
Missiles
 d - 5 tomahawks of dispersal (quivered)
Armour
 i - a +0 cloak (worn)
Scrolls
 c - a scroll of blinking
 g - a scroll of remove curse
 j - a scroll of amnesia {unknown}
Books
 b - a book of Spatial Translocations

   Spells                             Type                      Level
   a - Apportation                    Translocation                1
   b - Blink                          Translocation                2
   c - Shroud of Golubria             Charms/Translocation         2
   d - Portal Projectile              Translocation                3
   e - Teleport Other                 Translocation                3
   f - Passage of Golubria            Translocation                4
Comestibles
 e - a bread ration
 f - a beef jerky
 h - 2 meat rations
 l - a royal jelly
 m - a slice of pizza


   Skills:
 - Level 2.1 Fighting
 + Level 3.1 Short Blades
 - Level 0.8 Throwing
 - Level 2.1 Dodging
 + Level 2.0 Stealth
 - Level 2.0 Spellcasting
 - Level 3.0 Translocations


You had 3 spell levels left.
You knew the following spells:

 Your Spells              Type           Power        Failure   Level  Hunger
a - Apportation           Tloc           #.........   10%         1    ##.....
b - Blink                 Tloc           N/A          12%         2    ###....


Dungeon Overview and Level Annotations

Branches:
Dungeon (2/15)

Altars:


Innate Abilities, Weirdness & Mutations

Your plain brown scales are hard (AC +5).
Your body does not fit into most forms of armour.
You are cold-blooded and may be slowed by cold attacks.


Message History

You flicker for a moment.
You see here a club.
The jackal bites you but does no damage.
There is a stone staircase leading up here.
The jackal barely misses you.
The jackal bites you but does no damage.
You climb upwards.
There is a stone staircase leading down here.
You are too injured to fight recklessly!
You are too injured to fight recklessly!
You are too injured to fight recklessly!
You catch the helpless jackal completely off-guard!
You hit the jackal.
The jackal is moderately wounded.
You flicker back into view.
The jackal closely misses you.
You hit the jackal.
The jackal is moderately wounded.
The jackal closely misses you. The jackal bites you.
You die...

#........##....###.######....#.#
#.......(##.÷..##..# ##.....#
#........##....##.## ###....
##..#.######....##.# ##...
...##.# ##...##.# #... #####.#
#.#†.#.# ##(. #.# #.#....# #..
#.# #.#.h.## #.. #.# #.#.@.# #..
#.# #.#..## ### #.## #.#..# #
#..# ##....# ##.## #.....# #..#
##).)..# # ##.# #.÷..#.# ##
#.###..###.###
.######.....####...##


You could see a jackal.

Vanquished Creatures
  An adder (D:2)
  8 bats (D:1)
  4 giant cockroaches (D:1)
  2 hobgoblins (D:1)
  2 jackals (D:2)
  5 kobolds (D:1)
  6 goblins (D:1)
  3 rats (D:1)
31 creatures vanquished.

Notes
Turn   | Place    | Note
--------------------------------------------------------------
     0 | D:1      | namelastname112, the Draconian Warper, began the quest for the Orb.
     0 | D:1      | Reached XP level 1. HP: 17/17 MP: 3/3
    43 | D:1      | Reached skill level 1 in Stealth
    47 | D:1      | Reached XP level 2. HP: 16/24 MP: 5/5
   177 | D:1      | Learned a level 2 spell: Blink
   431 | D:1      | Reached XP level 3. HP: 26/29 MP: 6/6
   651 | D:1      | Slain by a jackal

Action                   || total
-------------------------++-------
Melee: Short sword       ||   112
 Cast: Blink             ||     2
  Use: Scroll            ||     2
       Potion            ||     1
 Stab: Invisible         ||     1
